 Dungeon Crawl Stone Soup version 0.31-a0-220-gc2f4f3cf83 (webtiles) character file.

Game seed: 5412452141212315992

2478 qw the Cleaver (level 9, -7/55 HPs)
             Began as a Gargoyle Fighter on July 3, 2023.
             Mangled by a troll (10 damage)
             ... on level 7 of the Dungeon.
             The game lasted 00:03:24 (7126 turns).

qw the Cleaver (Gargoyle Fighter)                   Turns: 7126, Time: 00:03:24

Health: -7/55      AC: 21    Str: 25    XL:     9   Next: 51%
Magic:  9/9        EV:  6    Int:  8    God:
Gold:   348        SH:  8    Dex:  9    Spells: 8/8 levels left

rFire   . . .        Y - +1 war axe
rCold   . . .        b - +0 kite shield {reflect}
rNeg    + . .        s - +0 plate armour
rPois   inf          (no helmet)
rElec   +            (no cloak)
rCorr   .            a - +0 pair of gloves
SInv    .            f - +0 pair of boots
Will    +....        (no amulet) Stlth
                     e - ring of willpower
HPRegen 0.29/turn    (no ring)
MPRegen 0.11/turn

%: reflection, clarity
@: about to teleport
A: sickness immunity, AC +6, negative energy resistance 1, electricity
resistance, torment resistance 1, petrification resistance, talons 1, clarity
a: no special abilities


You were on level 7 of the Dungeon.
You visited 2 branches of the dungeon, and saw 8 of its levels.
You also visited: Sewer.

You collected 348 gold pieces.


Innate Abilities, Weirdness & Mutations

You are immune to sickness and miasma.
Your stone body is resilient. (AC +6)
You are immune to poison.
You resist negative energy. (rN+)
You are resistant to electric shocks. (rElec)
You are resistant to unholy torment.
You are immune to petrification.
You have sharp toenails.
You possess an exceptional clarity of mind.


   Skills:
 - Level 6.0 Fighting
 - Level 9.0 Axes
 - Level 1.5 Throwing
 - Level 6.0 Armour
 - Level 1.7 Dodging
 + Level 5.1 Shields


You had 8 spell levels left.
You didn't know any spells.
Your spell library was empty.

Inventory:

Hand Weapons
 l - a +0 flail
 Y - a +1 war axe (weapon)
Armour
 a - a +0 pair of gloves (worn)
 b - a +0 kite shield of reflection (worn)
 f - a +0 pair of boots (worn)
 s - a +0 plate armour (worn)
Jewellery
 e - a ring of willpower (left hand)
Wands
 t - a wand of digging (6)
Scrolls
 j - a scroll of identify
Potions
 d - 4 potions of might
 g - a potion of lignification
 h - 2 potions of haste {unknown}
 i - 3 potions of magic
 m - 3 potions of mutation
 n - a potion of degeneration {unknown}
 p - 2 potions of enlightenment
 q - a potion of attraction {unknown}
 r - a potion of cancellation {unknown}
 v - a potion of curing

Dungeon Overview and Level Annotations

Branches:
Dungeon (7/15)             Temple (1/1) D:7           Sewer (visited)

Altars:
Ashenzari
Cheibriados
Dithmenos
Fedhas
Gozag
Hepliaklqana
Kikubaaqudgha
Makhleb
Qazlal
Ru
Sif Muna
Trog
Uskayaw
Wu Jian
Xom
Yredelemnul
Zin
The Shining One

Shops:
D:6 *

Annotations:
D:5 1 runed translucent door, Crazy Yiuf
D:6 3 runed translucent doors, qw's ghost, novice NaHu


Message History

Enter note:
Enter note:
Enter note: You slash the troll!
The troll is lightly wounded.
You block the troll's attack.
The troll claws you but does no damage. x2
You slash the troll!
The troll is heavily wounded.
The troll bites you. The troll claws you!
The troll claws you but does no damage. The troll bites you but does no damage.
The troll claws you but does no damage. The troll closely misses you.
You barely miss the troll.
The troll is heavily wounded.
The troll bites you!
The troll claws you but does no damage. x2
You hit the troll.
The troll is heavily wounded.
The troll bites you but does no damage. The troll barely misses you.
The troll closely misses you.
You barely miss the troll.
The troll is heavily wounded.
You block the troll's attack. The troll claws you but does no damage.
The troll barely misses you.
You hit the troll.
The troll is severely wounded.
You block the troll's attack. The troll claws you but does no damage.
You block the troll's attack.
You closely miss the troll.
The troll is severely wounded.
The troll bites you. The troll claws you!
The troll claws you but does no damage. You block the troll's attack.
The troll closely misses you. The troll claws you!
7125 ||| READING scroll of teleportation.
As you read the scroll of teleportation, it crumbles to dust.
You feel strangely unstable. The troll bites you but does no damage.
The troll claws you but does no damage. The troll claws you!
You barely miss the troll.
The troll is heavily wounded.
You block the troll's attack. The troll barely misses you. The troll claws you!
You die...

####.####.#....................
#.# #.#...[.###............ #.#
#.......# #............ #.#
####'##.###............ #.#
...#>................ #.#
.....#.####............ #.#
..##.#.# #.%.......... #.# ..
..#.# #............ #.# #.#@#
#............ #'#
##T..##...........)
#.....T.....+ ..#.##............
#...........###.#.###...........
#............ ..# # ##..........
#....<....... ### ##.........
#............ #..........
#........#### #..........
#........# #..........


You could see a troll.

Vanquished Creatures
  3 water moccasins
  Duvessa (D:4)
  3 black bears
  3 ogres
  A phantom (D:5)
  A bullfrog (D:4)
  Blork the orc (D:6)
  3 scorpions
  Dowan (D:4)
  3 howler monkeys
  4 hounds
  4 jellies
  An orc priest (D:5)
  A gnoll bouda (D:6)
  4 iguanas
  Ijyb (D:4)
  4 orc wizards
  3 sleepcaps
  Natasha (thrice) (D:2)
  Terence (D:2)
  A river rat (Sewer)
  14 adders
  3 gnolls (D:6)
  A white imp (D:5)
  2 ufetubi (D:4)
  2 dart slugs (D:2)
  19 orcs
  4 bats
  7 endoplasms
  8 giant cockroaches
  3 hobgoblins
  2 jackals
  6 kobolds
  11 quokkas
  10 ball pythons
  6 frilled lizards
  5 goblins
  8 rats
158 creatures vanquished.

Notes
Turn   | Place    | Note
-------+----------+-------------------------------------------
     0 | D:1      | qw the Gargoyle Fighter began the quest for the Orb.
     0 | D:1      | Reached XP level 1. HP: 14/14 MP: 1/1
     0 | D:1      | 0 ||| qw: Version: 0.3-a-40-ge99b1a8
     0 | D:1      | 0 ||| qw: Game counter: 454
     0 | D:1      | 0 ||| qw: Melee chars always use a shield: true
     0 | D:1      | 0 ||| qw: God list: Okawaru
     0 | D:1      | 0 ||| qw: Allow faded altars: false
     0 | D:1      | 0 ||| qw: Do Orc after clearing Dungeon:15 true
     0 | D:1      | 0 ||| qw: Do second Lair branch before Depths: true
     0 | D:1      | 0 ||| qw: Lair rune preference: random
     0 | D:1      | 0 ||| qw: Goals: Normal, Zot:1-4, Slime:5, God:TSO, Crypt,
                  | Tomb, Abyss, Pan, Hells, Win
     0 | D:1      | 0 ||| PLANNING D:1-11
    83 | D:1      | Reached skill level 2 in Axes
   461 | D:1      | Reached XP level 2. HP: 19/19 MP: 2/2
   804 | D:1      | 804 ||| DROPPING scarf of harm.
   805 | D:1      | 805 ||| DROPPING amulet of magic regeneration.
   806 | D:1      | 806 ||| READING scroll labelled XOQEPL PEFUI.
   807 | D:1      | 807 ||| READING scroll labelled QIUNYM WOABAAM.
   869 | D:2      | Noticed Natasha
   875 | D:2      | Killed Natasha
   876 | D:2      | Reached skill level 3 in Axes
   876 | D:2      | Reached XP level 3. HP: 17/23 MP: 3/3
  1001 | D:2      | 1001 ||| Stepping ~*~*~tactically~*~*~ (hiding).
  1003 | D:2      | 1003 ||| Stepping ~*~*~tactically~*~*~ (hiding).
  1020 | D:2      | 1020 ||| Stepping ~*~*~tactically~*~*~ (stealth).
  1042 | D:2      | Found an ancient bone altar of Kikubaaqudgha.
  1049 | D:2      | Reached XP level 4. HP: 28/28 MP: 4/4
  1104 | D:2      | Found a faded altar of an unknown god.
  1121 | D:2      | 1121 ||| Stepping ~*~*~tactically~*~*~ (hiding).
  1122 | D:2      | 1122 ||| Stepping ~*~*~tactically~*~*~ (hiding).
  1128 | D:2      | Reached skill level 4 in Axes
  1276 | D:2      | Noticed Natasha
  1277 | D:2      | 1277 ||| Stepping ~*~*~tactically~*~*~ (hiding).
  1288 | D:2      | Killed Natasha
  1293 | D:2      | Noticed Natasha
  1294 | D:2      | 1294 ||| FLEEEEING.
  1295 | D:2      | 1295 ||| FLEEEEING.
  1296 | D:2      | 1296 ||| FLEEEEING.
  1297 | D:2      | 1297 ||| FLEEEEING.
  1301 | D:2      | 1301 ||| FLEEEEING.
  1302 | D:2      | 1302 ||| FLEEEEING.
  1303 | D:2      | 1303 ||| FLEEEEING.
  1304 | D:2      | 1304 ||| FLEEEEING.
  1305 | D:2      | 1305 ||| FLEEEEING.
  1306 | D:2      | 1306 ||| FLEEEEING.
  1318 | D:2      | Killed Natasha
  1319 | D:2      | Reached XP level 5. HP: 11/32 MP: 5/5
  1481 | D:2      | Noticed Terence
  1494 | D:2      | Killed Terence
  1612 | D:2      | 1612 ||| UPGRADING to +0 pair of gloves.
  1617 | D:2      | 1617 ||| UPGRADING to +1 chain mail of poison resistance.
  1627 | D:2      | 1627 ||| DROPPING +0 scale mail.
  1628 | D:2      | 1628 ||| UPGRADING to ring of willpower.
  1629 | D:2      | 1629 ||| READING scroll labelled XOTUEM HUQUDO.
  1630 | D:2      | 1630 ||| READING scroll labelled DEBRUKEOKK.
  1631 | D:2      | 1631 ||| READING scroll labelled MUDARE EKHAE.
  1632 | D:2      | 1632 ||| DRINKING 2 purple potions.
  1632 | D:2      | Gained mutation: You have sharp toenails. [potion of
                  | mutation]
  1632 | D:2      | Gained mutation: You possess an exceptional clarity of
                  | mind. [potion of mutation]
  1649 | D:3      | 1649 ||| DROPPING +0 whip.
  1695 | D:3      | Reached skill level 5 in Axes
  1795 | D:3      | Found a shimmering blue altar of Sif Muna.
  1848 | D:3      | 1848 ||| Stepping ~*~*~tactically~*~*~ (hiding).
  2418 | D:3      | 2418 ||| UPGRADING to +0 pair of boots.
  2423 | D:3      | 2423 ||| READING scroll labelled CIS TAJECI.
  2466 | D:4      | 2466 ||| STAIRDANCE
  2495 | D:4      | Noticed Duvessa
  2496 | D:4      | Noticed Dowan
  2654 | D:4      | Reached XP level 6. HP: 37/38 MP: 6/6
  2726 | D:4      | Noticed Ijyb
  2727 | D:4      | 2727 ||| Stepping ~*~*~tactically~*~*~ (hiding).
  2739 | D:4      | Killed Ijyb
  2740 | D:4      | Reached skill level 6 in Axes
  2794 | D:4      | Noticed a black bear
  2804 | D:4      | Killed a black bear
  2805 | D:4      | Reached skill level 1 in Dodging
  2805 | D:4      | Reached XP level 7. HP: 34/43 MP: 7/7
  3037 | D:4      | Killed Dowan
  3049 | D:4      | HP: 10/43 [giant cockroach (1)]
  3051 | D:4      | Killed Duvessa
  3052 | D:4      | Reached skill level 7 in Axes
  3085 | D:4      | 3085 ||| FLEEEEING.
  3086 | D:4      | 3086 ||| FLEEEEING.
  3087 | D:4      | 3087 ||| FLEEEEING.
  3089 | D:4      | 3089 ||| STAIRDANCE
  3178 | D:3      | 3178 ||| READING scroll labelled GAKYIH NUUDDE TEA.
  3179 | D:3      | 3179 ||| READING scroll labelled VIUWKUMUMY.
  3211 | D:3      | 3211 ||| READING scroll labelled ERREISKOPION.
  3259 | D:4      | Found an opulent altar of Gozag.
  3609 | D:4      | 3609 ||| Stepping ~*~*~tactically~*~*~ (stealth).
  3610 | D:4      | 3610 ||| Stepping ~*~*~tactically~*~*~ (stealth).
  3679 | D:4      | Reached XP level 8. HP: 48/49 MP: 8/8
  3690 | D:4      | 3690 ||| Stepping ~*~*~tactically~*~*~ (stealth).
  3691 | D:4      | 3691 ||| Stepping ~*~*~tactically~*~*~ (stealth).
  3794 | D:4      | 3794 ||| UPGRADING to +0 plate armour.
  3804 | D:4      | 3804 ||| DROPPING +1 chain mail of poison resistance.
  3805 | D:4      | 3805 ||| READING scroll labelled BOTWIM LAEFARI.
  3826 | D:5      | Entered Level 5 of the Dungeon
  3827 | D:5      | 3827 ||| PLANNING SEWER
  4041 | D:5      | Reached skill level 1 in Throwing
  4103 | D:5      | Found a glowing drain.
  4119 | D:5      | 4119 ||| READING 2 scrolls of identify.
  4119 | D:5      | 4119 ||| IDENTIFYING coppery potion
  4124 | D:5      | 4124 ||| Stepping ~*~*~tactically~*~*~ (water).
  4153 | Sewer    | Entered a sewer
  4162 | Sewer    | 4162 ||| Stepping ~*~*~tactically~*~*~ (water).
  4186 | Sewer    | 4186 ||| Stepping ~*~*~tactically~*~*~ (water).
  4356 | Sewer    | 4356 ||| Stepping ~*~*~tactically~*~*~ (water).
  4358 | Sewer    | 4358 ||| Stepping ~*~*~tactically~*~*~ (water).
  4360 | Sewer    | 4360 ||| Stepping ~*~*~tactically~*~*~ (water).
  4395 | Sewer    | 4395 ||| Stepping ~*~*~tactically~*~*~ (water).
  4476 | Sewer    | 4476 ||| READING scroll labelled LARGHU JYNLOXT.
  4477 | Sewer    | 4477 ||| DRINKING 3 black potions.
  4478 | Sewer    | 4478 ||| DRINKING 2 lumpy grey potions.
  4583 | Sewer    | 4583 ||| DRINKING 3 emerald potions.
  4584 | Sewer    | 4584 ||| DROPPING potion of berserk rage.
  4645 | D:5      | 4645 ||| PLANNING D:1-11
  4667 | D:5      | 4667 ||| Stepping ~*~*~tactically~*~*~ (stealth).
  4864 | D:5      | Found a runed translucent door.
  4865 | D:5      | Noticed Crazy Yiuf
  4895 | D:5      | Reached skill level 8 in Axes
  5196 | D:5      | 5196 ||| Stepping ~*~*~tactically~*~*~ (hiding).
  5319 | D:5      | 5319 ||| READING scroll labelled RAMMIR RUC.
  5320 | D:5      | 5320 ||| READING scroll labelled ZOUREKHLONK.
  5321 | D:5      | 5321 ||| DRINKING 2 grey potions.
  5355 | D:6      | Found Lihie's Serpentskin Sales.
  5448 | D:6      | Found a runed translucent gate.
  5448 | D:6      | Found a runed translucent gate.
  5448 | D:6      | Found a runed translucent gate.
  5454 | D:6      | Noticed qw's ghost (novice NaHu)
  5476 | D:6      | Found a burning altar of Makhleb.
  5506 | D:6      | 5506 ||| Stepping ~*~*~tactically~*~*~ (stealth).
  5523 | D:6      | Reached skill level 6 in Fighting
  5525 | D:6      | 5525 ||| FLEEEEING.
  5527 | D:6      | 5527 ||| FLEEEEING.
  5537 | D:6      | 5537 ||| Stepping ~*~*~tactically~*~*~ (stealth).
  5542 | D:6      | 5542 ||| STAIRDANCE
  5652 | D:5      | 5652 ||| READING scroll labelled SAMUEJ OMUVVARRU.
  5653 | D:5      | 5653 ||| DRINKING 2 sapphire potions.
  5654 | D:5      | 5654 ||| DRINKING 3 bubbling yellow potions.
  5655 | D:5      | 5655 ||| DROPPING 2 potions of brilliance.
  5750 | D:6      | 5750 ||| FLEEEEING.
  5751 | D:6      | 5751 ||| FLEEEEING.
  5752 | D:6      | 5752 ||| FLEEEEING.
  5753 | D:6      | 5753 ||| FLEEEEING.
  5754 | D:6      | 5754 ||| FLEEEEING.
  5755 | D:6      | 5755 ||| FLEEEEING.
  5822 | D:6      | 5822 ||| Stepping ~*~*~tactically~*~*~ (stealth).
  5830 | D:6      | Reached XP level 9. HP: 54/55 MP: 9/9
  5939 | D:6      | 5939 ||| Stepping ~*~*~tactically~*~*~ (stealth).
  6072 | D:6      | Noticed Blork the orc
  6073 | D:6      | 6073 ||| Stepping ~*~*~tactically~*~*~ (hiding).
  6086 | D:6      | Killed Blork the orc
  6246 | D:6      | 6246 ||| Stepping ~*~*~tactically~*~*~ (stealth).
  6267 | D:6      | 6267 ||| FLEEEEING.
  6269 | D:6      | 6269 ||| FLEEEEING.
  6270 | D:6      | 6270 ||| FLEEEEING.
  6492 | D:7      | 6492 ||| DROPPING +0 mace.
  6525 | D:7      | Reached skill level 9 in Axes
  6825 | D:7      | Reached skill level 6 in Armour
  6825 | D:7      | Found a staircase to the Ecumenical Temple.
  6826 | D:7      | 6826 ||| PLANNING TEMPLE
  6832 | Temple   | Entered the Ecumenical Temple
  6832 | Temple   | Found a transporter.
  6832 | Temple   | Found a transporter.
  6834 | Temple   | Found a transporter.
  6834 | Temple   | Found a transporter.
  6844 | Temple   | 6844 ||| PLANNING D:1-11
  6844 | Temple   | 6844 ||| UPGRADING to +0 kite shield of reflection.
  6854 | Temple   | 6854 ||| DROPPING +0 buckler.
  6993 | D:7      | Noticed a troll
  7006 | D:7      | HP: 13/55 [troll (3)]
  7007 | D:7      | 7007 ||| READING 2 scrolls of teleportation.
  7008 | D:7      | 7008 ||| DRINKING potion of heal wounds.
  7124 | D:7      | HP: 12/55 [troll (9)]
  7125 | D:7      | 7125 ||| READING scroll of teleportation.
  7125 | D:7      | HP: 3/55 [troll (10)]
  7126 | D:7      | Mangled by a troll

Levels and vault maps discovered:
D:1:      onia_arrival_mini_maze, layout_basic, ebering_dispersal_statue_hall
D:2:      layout_rooms, chequers_ecumenical_altar_island, basic_altar,
          uniq_terence, uniq_natasha
D:3:      layout_basic, mainiacjoe_overflow_six_doors_small, serial_park_tiny_1,
          hangedman_feature_mirror, kennysheep_generic_room_9
D:4:      minmay_thinvault, layout_loops_cross,
          mainiacjoe_overflow_concentric_impassable, uniq_ijyb, uniq_duvessa
D:5:      layout_loops_corners, portal_sewer_entry_f, minivault_4,
          uniq_crazy_yiuf_cottage
D:6:      minmay_spotlight, layout_loops_cross, bloody_makhleb,
          ebering_ghost_rock_garden, nrook_uturn, guppyfry_shop_venom,
          uniq_blork_the_orc
D:7:      layout_basic, minmay_temple_entry_gardened_gates
Temple:   hellmonk_temple_divided_pantheon

Skill      XL: |  1  2  3  4  5  6  7  8  9 |
---------------+----------------------------+-----
Axes           | 2 3 4 5 6 7 8 9 |  9.0
Fighting       | 4 5 6 |  6.0
Dodging        | 1 |  1.7
Armour         | 5 6 |  6.0
Throwing       | 1 |  1.5
Shields        | 5 |  5.1

Action                     |  1- 3 |  4- 6 |  7- 9 || total
---------------------------+-------+-------+-------++-------
  Melee: War axe           |    37 |   135 |   326 ||   498
         Kick              |       |     3 |       ||     3
  Throw: Boomerang         |       |    78 |    55 ||   133
    Use: Scroll            |     2 |     4 |    11 ||    17
         Potion            |       |     1 |     7 ||     8
 Armour: Scale mail        |    14 |    29 |       ||    43
         Chain mail        |       |    62 |    31 ||    93
         Plate armour      |       |       |   157 ||   157
  Dodge: Dodged            |    23 |    46 |   108 ||   177
  Block: Buckler           |     3 |    29 |    43 ||    75
         Kite shield       |       |       |    30 ||    30

Table legend:
 A = Non-vault XP
 B = Vault XP
 C = Vault XP percentage of total XP
 D = Non-vault monster count
 E = Vault monster count
 F = Vault count percentage of total count
                 A         B        C        D         E       F
            +---------+---------+-------+---------+---------+-------
      Total |    2286 |    1254 |  35.4 |     107 |      51 |  32.3
            +---------+---------+-------+---------+---------+-------
        D:1 |      10 |       1 |   9.1 |       7 |       1 |  12.5
        D:2 |     139 |      67 |  32.5 |      19 |       2 |   9.5
        D:3 |      38 |       5 |  11.6 |      15 |       3 |  16.7
        D:4 |     250 |     695 |  73.5 |      19 |      18 |  48.6
        D:5 |     697 |      52 |   6.9 |      12 |       6 |  33.3
        D:6 |     190 |     356 |  65.2 |      15 |       5 |  25.0
        D:7 |     962 |       0 |   0.0 |      20 |       0 |   0.0
      Sewer |       0 |      78 | 100.0 |       0 |      16 | 100.0
            +---------+---------+-------+---------+---------+-------
